 Dungeon Crawl Stone Soup version 0.17-a0-1571-g3ed2ab2 (console) character file.

106 Monkaria the Skirmisher (level 4, -5/45 HPs)
             Began as a Deep Dwarf Berserker on July 24, 2015.
             Was a Believer of Trog.
             Slain by an orc
             ... wielding a +0 trident
              (9 damage)
             ... on level 3 of the Dungeon.
             The game lasted 00:03:03 (2039 turns).

Monkaria the Skirmisher (Deep Dwarf Berserker)      Turns: 2039, Time: 00:03:03

Health: -5/45      AC:  2    Str: 21    XL:     4   Next: 55%
Magic:  4/4        EV: 12    Int:  7    God:    Trog [**....]
Gold:   174        SH:  0    Dex: 13    Spells: 0 memorised, 3 levels left

rFire  . . .     SeeInvis .     a - +0 hand axe
rCold  . . .     Clarity  .     b - +0 animal skin
rNeg   . . .     SustAt   .     (no shield)
rPois  .         Gourm    .     (no helmet)
rElec  .         Spirit   .     (no cloak)
rCorr  .         Warding  .     (no gloves)
rMut   .         Stasis   .     (no boots)
MR     .....                    (no amulet)
Stlth  +.........               (no ring)
                                (no ring)

@: exhausted, non-regenerating, slowed, very slow, not resistant to hostile
enchantments, very unstealthy
A: damage resistance, recharge devices, sense surroundings 1, slow healing 3
a: Device Recharging, Burn Spellbooks, Berserk, Trog's Hand, Renounce Religion


You were on level 3 of the Dungeon.
You worshipped Trog.
Trog was pleased with you.
You were near starving.

You visited 1 branch of the dungeon, and saw 3 of its levels.

You collected 174 gold pieces.

Inventory:

Hand weapons
 a - a +0 hand axe (weapon)
Missiles
 l - 5 curare-tipped needles
 t - 9 poisoned needles
 u - 3 needles of slowing
Armour
 b - a +0 animal skin (worn)
Jewellery
 e - an uncursed ring of fire
 x - a +4 ring of protection {unknown}
Magical devices
 c - a wand of heal wounds (5)
Scrolls
 f - 5 scrolls of identify {unknown}
 g - 4 scrolls of remove curse {unknown}
 i - a scroll of teleportation {unknown}
 j - a scroll of fog {unknown}
 k - 3 scrolls of magic mapping {unknown}
 o - a scroll of enchant weapon {unknown}
 r - a scroll of immolation {unknown}
Potions
 m - a potion of brilliance {unknown}
 n - a potion of flight {unknown}
 q - a potion of lignification {unknown}
 w - a potion of heal wounds {unknown}
Books
 v - a book of Callings

   Spells                             Type                      Level
   a - Summon Small Mammal            Summoning                    1
   b - Call Imp                       Summoning                    2
   c - Call Canine Familiar           Summoning                    3
   d - Summon Guardian Golem          Hexes/Summoning              3
   e - Summon Lightning Spire         Summoning/Air                4
   f - Summon Ice Beast               Ice/Summoning                4
   Trog disapproves of the use of such an item.
Comestibles
 d - 2 bread rations
 h - 8 fruits
 p - a meat ration


   Skills:
 + Level 4.9 Fighting
 - Level 3.2 Axes
 - Level 2.1 Armour
 - Level 2.1 Dodging


You had 3 spell levels left.
You didn't know any spells.

Dungeon Overview and Level Annotations

Branches:
Dungeon (3/15)

Altars:
Gozag
Kikubaaqudgha
Qazlal


Innate Abilities, Weirdness & Mutations

You are resistant to damage.
You can recharge devices by infusing magical energy.
You passively map a small area around you.
You do not heal naturally.


Message History

The orc hits you with a dagger. The orc hits you.
The orc wizard mumbles some strange words.
The orc wizard blinks!
The orc closely misses you. The orc barely misses you.
You closely miss the orc. x2
The orc is moderately wounded.
You closely miss the orc. The orc hits you. The orc completely misses you.
The orc hits you with a trident!
* * * LOW HITPOINT WARNING * * *
The orc misses you.
You hit the orc but do no damage. You miss something. You hit the orc.
The orc is severely wounded.
You hit the orc but do no damage.
Your skin stops crawling.
You feel less resistant to hostile enchantments.
The orc closely misses you. Something hits you.
* * * LOW HITPOINT WARNING * * *
The orc hits you but does no damage. The orc hits you with a trident.
* * * LOW HITPOINT WARNING * * *
The orc barely misses you. The orc hits you with a trident!
You die...

#.#.#.####...
#.#.>...##...
#.###.#.##...
##....#.##.#.
####......## ####*
###....## ...* #####
####... * #o###... *
#### * #o@.#.#### ,
, #.##o.)...# , ##
#.......#)##.# ,# #.
..#..o###)##.##.##
#. * .# #...
#)....)..# #. ** *
.... * ###...##.#
##. *
###########.#.##.#
#..
########......._...#
#.. #.
#......#.###..#.#..#
#..


You could see 3 orcs.

Vanquished Creatures
  2 adders (D:2)
  2 worms (D:2)
  2 giant geckos (D:1)
  9 orcs (D:3)
  7 bats
  5 giant cockroaches
  8 hobgoblins
  3 jackals (D:1)
  4 kobolds
  2 ball pythons (D:2)
  8 giant newts
  9 goblins
  7 rats
68 creatures vanquished.

Notes
Turn   | Place    | Note
--------------------------------------------------------------
     0 | D:1      | Monkaria the Deep Dwarf Berserker began the quest for the Orb.
     0 | D:1      | Reached XP level 1. HP: 20/20 MP: 1/1
   149 | D:1      | Reached XP level 2. HP: 22/28 MP: 2/2
   362 | D:1      | Acquired Trog's second power
   539 | D:1      | Reached XP level 3. HP: 19/36 MP: 3/3
   864 | D:2      | Reached skill level 4 in Fighting
  1184 | D:2      | Found a stormy altar of Qazlal.
  1186 | D:2      | Noticed a fire elemental
  1187 | D:2      | Noticed a water elemental
  1187 | D:2      | Noticed an air elemental
  1187 | D:2      | Noticed an earth elemental
  1202 | D:2      | Reached XP level 4. HP: 20/45 MP: 4/4
  1859 | D:3      | Found an opulent altar of Gozag.
  1956 | D:3      | Found an ancient bone altar of Kikubaaqudgha.
  2039 | D:3      | Slain by an orc

Vault maps used:
D:1:      evilmike_arrival_rings
D:2:      nicolae_qazlal_style_of_elements
D:3:      lemuel_crystal_altar, kiku_gazebo_pond_becter

Action                   |  1- 3 |  4- 6 || total
-------------------------+-------+-------++-------
Melee: Hand axe          |   148 |    69 ||   217
Invok: Trog's Hand       |     5 |     2 ||     7
       Berserk           |     2 |     1 ||     3
 Stab: Sleeping          |       |     1 ||     1
  Eat: Chunk             |     4 |     2 ||     6
